 Dungeon Crawl Stone Soup version 0.20.1-1-g8b1a95d (webtiles) character file.

12439 Peloso the Carver (level 11, -7/84 HPs)
             Began as a Demonspawn Fighter on Aug 2, 2017.
             Was a High Priest of Okawaru.
             Killed from afar by an ice statue (30 damage)
             ... with a bolt of cold
             ... in an ice cave.
             The game lasted 00:37:51 (14602 turns).

Peloso the Carver (Demonspawn Fighter)             Turns: 14602, Time: 00:37:52

Health: -7/84      AC: 20    Str: 20    XL:     11   Next: 62%
Magic:  10/11      EV: 16    Int: 10    God:    Okawaru [*****.]
Gold:   508        SH: 19    Dex: 17    Spells: 10/10 levels left

rFire    . . .     SeeInvis +   H - +1 falchion (freeze)
rCold    . . .     Gourm    .   c - +0 shield
rNeg     . . .     Faith    .   N - +0 chain mail (curse)
rPois    .         Spirit   .   E - +0 helmet
rElec    .         Reflect  +   s - +0 cloak
rCorr    .         Harm     .   u - +0 pair of gloves
MR       .....                  d - +1 pair of boots {Stlth+}
Stlth    ++........             e - +5 amulet of reflection
Regen    0.3/turn               k - ring of see invisible
MPRegen  0.2/turn               L - +5 ring of dexterity

@: heroism
A: talons 1, repulsion field 2, demonic guardian 2, spiny 1
a: Heroism, Finesse, Renounce Religion


You were in an ice cave.
You worshipped Okawaru.
Okawaru was extremely pleased with you.
You were not hungry.

You visited 2 branches of the dungeon, and saw 13 of its levels.
You also visited: Ice Cave.

You collected 700 gold pieces.
You spent 192 gold pieces at shops.

Inventory:

Hand Weapons
 a - a +2 long sword
 F - a +2 whip of flaming
 H - a +1 falchion of freezing (weapon)
Missiles
 I - 7 javelins of returning (quivered)
Armour
 c - a +0 shield (worn)
 d - a +1 pair of boots of stealth (worn)
 s - a +0 cloak (worn)
 u - a +0 pair of gloves (worn)
 E - a +0 helmet (worn)
 N - a cursed +0 chain mail (worn)
Jewellery
 e - a +5 amulet of reflection (around neck)
 k - a ring of see invisible (left hand)
 v - an uncursed amulet of the gourmand
 L - a +5 ring of dexterity (right hand)
Wands
 p - a wand of iceblast (5/15)
 q - a wand of iceblast (12/15)
 x - a wand of iceblast (0/15)
 B - a wand of random effects (13/48)
 M - a wand of random effects (15/48)
 O - a wand of digging (18/24)
 P - a wand of confusion (26/48)
 Q - a wand of scattershot (4/9)
 S - a wand of acid (8/15)
 U - a wand of disintegration (12/24)
Scrolls
 i - a scroll of silence
 j - 2 scrolls of identify
 m - 3 scrolls of recharging
 n - 3 scrolls of teleportation
 o - a scroll of enchant armour
 y - 2 scrolls of remove curse
 C - a scroll of enchant weapon
 K - a scroll of magic mapping
Potions
 h - 2 potions of mutation
 l - 8 potions of curing
 r - a potion of magic
 t - 2 potions of agility
 A - a potion of berserk rage
 T - a potion of brilliance
Books
 b - a book of Cantrips

   Spells                             Type                      Level
   a - Confusing Touch                Hexes                        1
   b - Animate Skeleton               Necromancy                   1
   c - Summon Small Mammal            Summoning                    1
   d - Apportation                    Translocation                1
 z - a book of Power

   Spells                             Type                      Level
   a - Iskenderun's Battlesphere      Conjuration/Charms           5
   b - Venom Bolt                     Conjuration/Poison           5
   c - Bolt of Magma                  Conjuration/Fire/Earth       5
   d - Iron Shot                      Conjuration/Earth            6
   e - Orb of Destruction             Conjuration                  7
   f - Spellforged Servitor           Conjuration/Summoning        7
 D - a book of Flames

   Spells                             Type                      Level
   a - Flame Tongue                   Conjuration/Fire             1
   b - Throw Flame                    Conjuration/Fire             2
   c - Conjure Flame                  Conjuration/Fire             3
   d - Inner Flame                    Hexes/Fire                   3
   e - Sticky Flame                   Conjuration/Fire             4
   f - Fireball                       Conjuration/Fire             5
 J - a book of Conjurations

   Spells                             Type                      Level
   a - Magic Dart                     Conjuration                  1
   b - Searing Ray                    Conjuration                  2
   c - Dazzling Spray                 Conjuration/Hexes            3
   d - Fulminant Prism                Conjuration/Hexes            4
   e - Force Lance                    Conjuration/Translocation    4
   f - Iskenderun's Mystic Blast      Conjuration                  4
Comestibles
 f - 9 bread rations
 g - 7 royal jellies
 G - 2 meat rations


   Skills:
 + Level 7.2(12.2) Fighting
 + Level 10.1(15.1) Long Blades
 + Level 8.3(13.3) Armour
 + Level 3.8(8.8) Dodging
 + Level 2.1(7.1) Stealth
 + Level 9.3(14.3) Shields
 + Level 1.0 Invocations
 + Level 1.0 Evocations


You had 10 spell levels left.
You didn't know any spells.

Dungeon Overview and Level Annotations

Branches:
Dungeon (12/15)            Temple (1/1) D:5            Lair (0/6) D:10
    Orc (0/2) D:11

Altars:
Ashenzari
Cheibriados
Hepliaklqana
Kikubaaqudgha
Makhleb
Nemelex Xobeh
Okawaru
Ru
Trog
Uskayaw
Vehumet
Xom
Zin
The Shining One

Shops:
D:4 !   D:5 :   D:9 *   D:10 (

Annotations:
IceCv exclusion: ice statue


Innate Abilities, Weirdness & Mutations

You have sharp toenails.
You are surrounded by a moderate repulsion field. (EV +3)
A demonic guardian rushes to your aid.
You are partially covered in sharp spines.


Message History

You are engulfed in freezing vapours.
Unknown command.
Your chain mail prevents you from hitting the ice statue.
The ice statue is heavily damaged.
You are engulfed in freezing vapours.
Your ice devil hits the ice statue.
Your ice devil freezes the ice statue.
The ice statue completely resists.
The ice statue gestures.
Unknown command.
You hit the ice statue but do no damage.
The ice statue is severely damaged.
You are engulfed in freezing vapours.
Your ice devil hits the ice statue.
Your ice devil freezes the ice statue.
The ice statue completely resists.
Unknown command.
You hit the ice statue but do no damage.
The ice statue is severely damaged.
You are engulfed in freezing vapours.
* * * LOW HITPOINT WARNING * * *
The ice statue gestures at you. The bolt of cold hits you!
You die...

##.....###....
##...## ##... ##
.#########.... ##..
..## #?..... #...#
#...# #(.....
#....####...# ####...
#.........# ###.
#...8§§..# ### ##
#..4@§.# ##.### ##
##.Y§§#####....#####.
#§..##.#...##....#..
##.......######....#
###.##.## ######
######


You could see an ice statue, an ice beast and a friendly ice devil.

Vanquished Creatures
  A two-headed ogre (D:9)
  An ugly thing (D:6)
  7 freezing wraiths (IceCv)
  3 polar bears (D:12)
  A wolf spider simulacrum (IceCv)
  2 hippogriffs
  A wyvern (D:9)
  A yak (D:12)
  A human (D:8)
  A hungry ghost (D:12)
  2 hogs (D:8)
  A water moccasin (D:7)
  5 porcupines (D:10)
  3 sky beasts
  6 ice beasts
  2 orc warriors
  A black bear (D:10)
  A hornet zombie (D:12)
  4 ogres
  3 centaurs
  A big kobold (D:11)
  4 bullfrogs
  A wyvern zombie (D:10)
  5 scorpions
  6 killer bees (D:8)
  4 wights (D:8)
  2 howler monkeys (D:10)
  An electric eel (D:12)
  6 crimson imps
  4 draconian simulacra (IceCv)
  3 centaur zombies
  A bullfrog skeleton (D:4)
  2 hounds
  4 orc priests
  2 centaur skeletons (D:9)
  5 jellies
  10 orc wizards
  2 iguanas (D:5)
  9 worker ants
  A spriggan simulacrum (IceCv)
  3 polar bear simulacra (IceCv)
  3 killer bee zombies
  2 hound skeletons
  A mummy (D:6)
  3 worker ant zombies
  13 adders
  A howler monkey skeleton (D:7)
  2 naga simulacra (IceCv)
  2 ogre simulacra (IceCv)
  2 shadow imps
  11 white imps
  An ooze (D:6)
  An adder skeleton (D:4)
  A worm (D:2)
  3 dart slugs
  6 leopard geckos
  32 orcs
  10 bats
  5 giant cockroaches
  9 goblins
  7 hobgoblins
  21 jackals
  14 kobolds
  5 quokkas
  3 ball pythons
  4 frilled lizards
  A jackal zombie (D:5)
  A leopard gecko skeleton (D:9)
  7 rats
294 creatures vanquished.

Vanquished Creatures (collateral kills)
  An ice dragon (D:12)
  3 freezing wraiths (IceCv)
  A hippogriff (D:9)
  A wyvern (D:11)
  A shadow (D:9)
  A hog (D:8)
  3 yaks
  A steam dragon (D:10)
  A black bear (D:10)
  2 ice beasts (IceCv)
  A wolf (D:12)
  A bullfrog (D:12)
  A scorpion (D:8)
  A wight (D:8)
  An orc priest (D:10)
  2 white imps (IceCv)
  4 orcs
  A jackal (D:8)
27 creatures vanquished.

Vanquished Creatures (others)
  11 fungi (D:10)
  A plant (D:10)
12 creatures vanquished.

Grand Total: 333 creatures vanquished

Notes
Turn   | Place    | Note
-------+----------+-------------------------------------------
     0 | D:1      | Peloso the Demonspawn Fighter began the quest for the Orb.
     0 | D:1      | Reached XP level 1. HP: 18/18 MP: 1/1
   144 | D:1      | Gained mutation: You are surrounded by a mild repulsion field. (EV +2) [demonic ancestry]
   144 | D:1      | Reached XP level 2. HP: 24/24 MP: 2/2
   337 | D:1      | Reached skill level 2 in Long Blades
   686 | D:1      | Reached XP level 3. HP: 29/29 MP: 3/3
  1395 | D:2      | Found a glowing golden altar of the Shining One.
  1950 | D:2      | Reached XP level 4. HP: 35/35 MP: 4/4
  2911 | D:4      | Found Lianoxtu's Distillery.
  3136 | D:4      | Bought a potion of heal wounds for 60 gold pieces
  3136 | D:4      | Bought a potion of curing for 36 gold pieces
  3155 | D:4      | Bought a potion of mutation for 96 gold pieces
  3206 | D:4      | Reached skill level 3 in Long Blades
  3206 | D:4      | Gained mutation: You are surrounded by a moderate repulsion field. (EV +3) [demonic ancestry]
  3206 | D:4      | Reached XP level 5. HP: 39/41 MP: 5/5
  3411 | D:4      | Gained mutation: You are partially covered in sharp spines. [demonic ancestry]
  3411 | D:4      | Reached XP level 6. HP: 31/48 MP: 6/6
  3544 | D:4      | Found a radiant altar of Vehumet.
  3615 | D:4      | Found a burning altar of Makhleb.
  3615 | D:4      | Noticed a balrug
  3618 | D:4      | Noticed an orange demon
  3618 | D:4      | Noticed a neqoxec
  3666 | D:4      | Reached skill level 1 in Dodging
  3856 | D:5      | Entered Level 5 of the Dungeon
  3979 | D:5      | Found a staircase to the Ecumenical Temple.
  3990 | D:5      | Reached skill level 4 in Long Blades
  3994 | Temple   | Entered the Ecumenical Temple
  4020 | Temple   | Became a worshipper of Warmaster Okawaru
  4081 | D:5      | Found Wimoih's Book Emporium.
  4357 | D:5      | Found a bloodstained altar of Trog.
  4360 | D:5      | Found a glowing silver altar of Zin.
  4513 | D:5      | Reached XP level 7. HP: 54/54 MP: 7/7
  4990 | D:6      | Noticed a purple ugly thing
  5205 | D:6      | Reached skill level 5 in Long Blades
  5216 | D:6      | HP: 2/54 [ogre/giant club (12)]
  5217 | D:6      | Reached * piety under Okawaru
  5217 | D:6      | Reached skill level 5 in Shields
  5625 | D:6      | Killed a purple ugly thing
  5625 | D:6      | Reached skill level 1 in Stealth
  5625 | D:6      | Gained mutation: A weak demonic guardian rushes to your aid. [demonic ancestry]
  5625 | D:6      | Reached XP level 8. HP: 60/60 MP: 5/8
  5633 | D:6      | Found a snail-covered altar of Cheibriados.
  5706 | D:6      | Reached skill level 6 in Long Blades
  5970 | D:7      | Reached skill level 5 in Armour
  6020 | D:7      | Reached skill level 1 in Evocations
  6372 | D:8      | Reached ** piety under Okawaru
  6832 | D:8      | Gained mutation: You have sharp toenails. [demonic ancestry]
  6832 | D:8      | Reached XP level 9. HP: 39/67 MP: 9/9
  7016 | D:8      | Reached skill level 7 in Long Blades
  7034 | D:8      | Reached skill level 5 in Fighting
  7382 | D:8      | Reached *** piety under Okawaru
  7728 | D:8      | Reached **** piety under Okawaru
  7748 | D:8      | Reached skill level 8 in Long Blades
  8686 | D:9      | Reached XP level 10. HP: 63/76 MP: 10/10
  8887 | D:9      | Found Ycaeture's Assorted Antiques.
  9405 | D:9      | Noticed a two-headed ogre
  9416 | D:9      | Killed a two-headed ogre
  9416 | D:9      | Received a gift from Okawaru
  9687 | D:10     | Entered Level 10 of the Dungeon
 10278 | D:10     | Found a staircase to the Lair.
 10332 | D:10     | Found Poze's Antique Weapon Emporium.
 10342 | D:10     | Reached skill level 9 in Long Blades
 11187 | D:11     | Reached ***** piety under Okawaru
 11691 | D:11     | Found a staircase to the Orcish Mines.
 11999 | D:12     | Gained mutation: A demonic guardian rushes to your aid. [demonic ancestry]
 11999 | D:12     | Reached XP level 11. HP: 83/83 MP: 11/11
 12382 | D:12     | Found a frozen archway.
 12386 | D:12     | Noticed an ice dragon
 12405 | D:12     | HP: 1/83 [ice dragon (6)]
 12407 | D:12     | Killed an ice dragon
 12411 | D:12     | Received a gift from Okawaru
 12427 | IceCv    | Entered an ice cave
 12850 | IceCv    | Reached ****** piety under Okawaru
 12864 | IceCv    | Received a gift from Okawaru
 13511 | IceCv    | Reached skill level 10 in Long Blades
 13790 | IceCv    | Found an ancient bone altar of Kikubaaqudgha.
 13837 | IceCv    | Reached skill level 1 in Invocations
 14602 | IceCv    | Killed from afar by an ice statue

Skill      XL: |  1  2  3  4  5  6  7  8  9 10 11 |
---------------+----------------------------------+-----
Shields        | 3 4 5 7 8 9 |  9.3
Long Blades    | 2 3 4 5 6 8 9 10 | 10.1
Armour         | 3 4 5 6 7 8 |  8.3
Dodging        | 1 2 3 |  3.8
Fighting       | 4 5 6 7 |  7.2
Stealth        | 1 2 |  2.1
Evocations     | 1 |  1.0
Invocations    | 1 |  1.0

Action                   |  1- 3 |  4- 6 |  7- 9 | 10-12 || total
-------------------------+-------+-------+-------+-------++-------
Melee: Long sword        |   197 |   247 |   181 |       ||   625
       Falchion          |       |       |   154 |   611 ||   765
Invok: Heroism           |       |       |     1 |    11 ||    12
Evoke: Wand              |       |       |     4 |     1 ||     5
  Use: Scroll            |     2 |     6 |     8 |     6 ||    22
       Potion            |     2 |       |     1 |     4 ||     7
 Stab: Distracted        |       |       |       |     3 ||     3
  Eat: Chunk             |     4 |     6 |    24 |     6 ||    40
       Fruit             |       |     1 |       |     4 ||     5
       Royal jelly       |       |       |       |     2 ||     2
Armor: Scale mail        |    20 |       |       |       ||    20
       Chain mail        |    81 |    95 |   139 |   173 ||   488
Dodge: Dodged            |    48 |    58 |   114 |   145 ||   365
Block: Shield            |   176 |   197 |   173 |   436 ||   982
       Reflection        |     2 |     1 |       |    12 ||    15
       Rpst.: Long sword |    16 |    22 |    30 |       ||    68
       Falchion          |       |       |    12 |    31 ||    43
